AoeStats
← boatman

Arena

505500380Analyzed
4v4 RM · 23d ago on Sep 9, 2026· 30m 10s· 8 players
Game mode
Random Map
Map size
Large (8 player)
Population
200
Speed
Normal
Resources
Standard
Victory
Conquest
Starting age
Dark Age
Ending age
Imperial Age
RankedLock teamsTeams togetherTeam positionsShared explorationLock speedFull tech treeHidden civsTurbo modeCheats
Victory
Defeat
🇩🇪 Vietnamese · Germany
1050
+13
🇹🇼 Spanish · Taiwan
1011
+15
🇮🇳 Celts · India
998
+15
🇮🇳 Ethiopians · India
946
+17
🇹🇷 Malians · Türkiye
1014
-16
1005
-16
🇬🇧 Teutons · United Kingdom
986
-15
🇫🇷 Franks · France
937
-13
Ciguli
12:14 Feudal Age
14:22 Double-Bit Axe
16:39 Castle Age
14:56 Horse Collar
17:43 Stone Mining
19:33 Loom
24:42 Wheelbarrow
24:35 Gold Mining
26:25 Stone Mining
26:41 Heavy Plow
26:54 Bow Saw
28:31 Stone Shaft Mining
28:41 Gold Shaft Mining
Socrate78
10:19 Feudal Age
10:45 Double-Bit Axe
11:40 Wheelbarrow
11:55 Gold Mining
18:30 Castle Age
16:48 Stone Mining
20:32 Bow Saw
21:47 Gold Shaft Mining
21:28 Fletching
21:51 Forging
22:22 Masonry
24:07 Scale Barding Armor
24:38 Hand Cart
szczuply23
0:33 Loom
11:49 Feudal Age
13:42 Horse Collar
13:49 Double-Bit Axe
14:47 Stone Mining
19:43 Castle Age
24:04 Gold Mining
Ballin' Like Bill, End @McDank's
0:57 Loom
13:03 Feudal Age
13:35 Double-Bit Axe
13:31 Horse Collar
15:13 Town Watch
21:09 Castle Age
19:11 Gold Mining
19:11 Stone Mining
19:24 Stone Mining
19:54 Fletching
21:19 Elite Skirmisher
24:40 Fortified Wall
25:29 Ballistics
Angel7255
12:12 Feudal Age
16:24 Castle Age
14:45 Double-Bit Axe
15:56 Horse Collar
16:07 Gold Mining
17:22 Bow Saw
17:41 Heavy Plow
19:31 Loom
26:06 Wheelbarrow
25:32 Fletching
26:02 Town Watch
26:18 Bodkin Arrow
26:23 Padded Archer Armor
27:29 Hand Cart
27:12 Crossbowman
32:23 Imperial Age
30:06 Squires
30:08 Stone Mining
30:48 Forging
30:38 Scale Mail Armor
boatman
12:07 Feudal Age
12:51 Loom
15:46 Castle Age
13:44 Double-Bit Axe
13:54 Horse Collar
16:53 Bow Saw
16:45 Heavy Plow
24:14 Crossbowman
24:52 Fletching
25:43 Bodkin Arrow
26:52 Padded Archer Armor
28:22 Thumb Ring
dushyanthkuthati
0:43 Loom
14:03 Feudal Age
15:26 Wheelbarrow
14:32 Horse Collar
18:48 Castle Age
16:49 Gold Mining
17:01 Double-Bit Axe
20:58 Hand Cart
交保候傳
10:43 Feudal Age
10:48 Feudal Age
14:55 Castle Age
13:49 Loom
15:43 Double-Bit Axe
18:58 Horse Collar
20:21 Bow Saw
27:44 Wheelbarrow
32:33 Imperial Age
29:53 Town Watch
30:26 Hand Cart
30:50 Scale Barding Armor
30:48 Padded Archer Armor
Connection lost

Rejoining the realm…

Still unreachable

The connection could not be restored.

Session expired

The server has moved on; the page needs a fresh start.